 Dungeon Crawl Stone Soup version 0.27.1 (webtiles) character file.

Game seed: 14855773795229345116

192483 Borgon the Executioner (level 18, -4/172 HPs)
             Began as a Hill Orc Monk on Sept 1, 2021.
             Was a Believer of Beogh.
             Slain by a merfolk (5 damage)
             ... created by the fury of Okawaru
             ... on level 1 of the Swamp on Sept 3, 2021.
             The game lasted 06:37:27 (49211 turns).

Borgon the Executioner (Hill Orc Monk)             Turns: 49211, Time: 06:37:27

Health: -4/172     AC: 41    Str: 22    XL:     18   Next: 23%
Magic:  0/38       EV:  6    Int: 10    God:    Beogh [**....]
Gold:   1428       SH:  0    Dex: 13    Spells: 17/17 levels left

rFire    . . .     SeeInvis +   q - +6 executioner's axe "Lunyruir" {flame, rPois rF- rN+ MP+9}
rCold    . . .     Faith    .   (shield currently unavailable)
rNeg     + + .     Spirit   +   K - +4 crystal plate armour
rPois    +         Reflect  .   v - +2 helmet {SInv}
rElec    .         Harm     .   J - +2 cloak {rPois}
rCorr    +         Rampage  .   E - +1 pair of gloves of Cokliots {rN+ rCorr}
Will     +....                  X - +2 pair of boots
Stlth    ..........             I - amulet of guardian spirit
HPRegen  0.38/turn              N - ring of protection from fire
MPRegen  0.26/turn              e - +4 ring of slaying

@: about to teleport
A: sense surroundings 1, shaggy fur 1
}: 1/15 runes: serpentine
a: Renounce Religion, Smiting


You were on level 1 of the Swamp.
You worshipped Beogh.
Beogh was pleased with you.
You visited 6 branches of the dungeon, and saw 29 of its levels.

You collected 2919 gold pieces.
You spent 1491 gold pieces at shops.

Inventory:

Hand Weapons
 d - a +6 vorpal fustibalus
 o - a +2 hand axe of freezing
 p - a +4 executioner's axe of freezing
 q - the +6 executioner's axe "Lunyruir" (weapon) {flame, rPois rF- rN+ MP+9}
   (You acquired it on level 2 of the Dungeon)

   It burns those it strikes, dealing additional fire damage.
   Big, fiery blades are also staple armaments of hydra-hunters.
   rF:        It makes you vulnerable to fire.
   rPois:     It protects you from poison.
   rN:        It protects you from negative energy.
   MP:        It affects your magic capacity (+9).
 s - a +3 scythe of venom
 H - a +5 vampiric hand axe
 Z - the +3 executioner's axe of Mokibui {vamp, Int+5 Dex+4}
   (Okawaru gifted it to you on level 11 of the Dungeon)

   It occasionally heals its wielder for a portion of the damage dealt when it
   wounds a living foe.
   Int:       It affects your intelligence (+5).
   Dex:       It affects your dexterity (+4).
Missiles
 g - 195 sling bullets
Armour
 a - a +2 ring mail of positive energy
 u - the +1 pair of gloves "Voug Afih" {Contam rPois Int+9 Slay-3}
   (Okawaru gifted it to you on level 15 of the Dungeon)

   Int:       It affects your intelligence (+9).
   Slay:      It affects your accuracy & damage with ranged weapons and melee
   (-3).
   rPois:     It protects you from poison.
   Contam:    It causes magical contamination when unequipped.
 v - a +2 helmet of see invisible (worn)
 A - a +2 plate armour of cold resistance
 B - a +2 pair of gloves of dexterity
 E - the +1 pair of gloves of Cokliots (worn) {rN+ rCorr}
   (You bought it in a shop on level 5 of the Dungeon)

   rN:        It protects you from negative energy.
   rCorr:     It protects you from acid and corrosion.
 J - a +2 cloak of poison resistance (worn)
 K - a +4 crystal plate armour (worn)
 L - a scarf of harm
 M - a +0 kite shield
 T - the +0 chain mail of Powerful Intercession {rPois rF++ rC- rCorr}
   (Okawaru gifted it to you on level 9 of the Dungeon)

   rF:        It greatly protects you from fire.
   rC:        It makes you vulnerable to cold.
   rPois:     It protects you from poison.
   rCorr:     It protects you from acid and corrosion.
 U - the +1 robe of Fortification {rElec rC- Will+ Int+9 Dex-5}
   (You found it on level 11 of the Dungeon)

   Int:       It affects your intelligence (+9).
   Dex:       It affects your dexterity (-5).
   rC:        It makes you vulnerable to cold.
   rElec:     It insulates you from electricity.
   Will:      It increases your willpower.
 X - a +2 pair of boots (worn)
Jewellery
 b - a ring of resist corrosion
 e - a +4 ring of slaying (right hand)
 n - a ring of positive energy
 t - an amulet of faith
 G - a +6 ring of intelligence
 I - an amulet of guardian spirit (around neck)
 N - a ring of protection from fire (left hand)
 Q - a +6 ring of dexterity
 W - a ring of poison resistance
Wands
 m - a wand of iceblast (47)
 y - a wand of acid (8)
 z - a wand of mindburst (7)
 F - a wand of paralysis (17)
 P - a wand of digging (11)
 Y - a wand of flame (21)
Scrolls
 f - 4 scrolls of summoning
 h - 12 scrolls of identify
 w - 7 scrolls of magic mapping
 D - 4 scrolls of fear
 R - a scroll of blinking
 V - a scroll of teleportation
Potions
 c - 4 potions of haste
 i - 2 potions of resistance
 k - 8 potions of curing
 l - 7 potions of lignification
 r - 14 potions of ambrosia
 x - 2 potions of flight
 C - 5 potions of might
 O - 3 potions of cancellation
 S - 4 potions of mutation


   Skills:
 * Level 18.1 Fighting
 + Level 24.6 Axes
 - Level 0.9(14.7) Maces & Flails
 - Level 2.0 Slings
 + Level 14.3 Armour
 - Level 2.8 Dodging
 - Level 1.8 Stealth
 * Level 5.2 Shields
 - Level 15.1 Invocations


You had 17 spell levels left.
You didn't know any spells.
Your spell library contained the following spells:

 Spells                   Type           Power      Damage    Failure   Level
 Animate Skeleton         Necr           0%         N/A       100%        1
 Beastly Appendage        Tmut           0%         N/A       100%        1
 Freeze                   Ice            0%         1d3       100%        1
 Pain                     Necr           0%         1d4       100%        1
 Shock                    Conj/Air       0%         1d3       100%        1
 Sting                    Tmut/Pois      0%         1d3       100%        1
 Blink                    Tloc           N/A        N/A       100%        2
 Corpse Rot               Necr/Air       N/A        N/A       100%        2
 Poisonous Vapours        Pois/Air       0%         N/A       100%        2
 Slow                     Hex            0%         N/A       100%        2
 Static Discharge         Conj/Air       0%         N/A       100%        2
 Wereblood                Tmut           0%         N/A       100%        2
 Call Canine Familiar     Summ           0%         N/A       100%        3
 Confusing Touch          Hex            0%         N/A       100%        3
 Frozen Ramparts          Ice            0%         1d2       100%        3
 Gell's Gravitas          Tloc           0%         N/A       100%        3
 Lesser Beckoning         Tloc           0%         N/A       100%        3
 Portal Projectile        Hex/Tloc       0%         N/A       100%        3
 Spider Form              Tmut/Pois      0%         N/A       100%        3
 Swiftness                Air            0%         N/A       100%        3
 Teleport Other           Tloc           0%         N/A       100%        3
 Vampiric Draining        Necr           0%         2d6       100%        3
 Airstrike                Air            0%         N/A       100%        4
 Hailstorm                Conj/Ice       0%         3d3       100%        4
 Leda's Liquefaction      Hex/Erth       0%         N/A       100%        4
 Olgreb's Toxic Radiance  Pois           0%         N/A       100%        4
 Petrify                  Tmut/Erth      0%         N/A       100%        4
 Summon Ice Beast         Ice/Summ       0%         N/A       100%        4
 Blade Hands              Tmut           0%         N/A       100%        5
 Excruciating Wounds      Necr           0%         N/A       100%        5
 Freezing Cloud           Conj/Ice/Air   0%         6-21      100%        5
 Lightning Bolt           Conj/Air       0%         1d11      100%        5
 Manifold Assault         Tloc           0%         N/A       100%        5
 Metabolic Englaciation   Hex/Ice        0%         N/A       100%        5
 Summon Mana Viper        Hex/Summ       0%         N/A       100%        5
 Yara's Violent Unravell  Hex/Tmut       0%         3d3       100%        5
 Simulacrum               Ice/Necr       0%         N/A       100%        6
 Statue Form              Tmut/Erth      0%         N/A       100%        6
 Dragon Form              Tmut           0%         N/A       100%        7
 Malign Gateway           Summ/Tloc      0%         N/A       100%        7
 Monstrous Menagerie      Summ           0%         N/A       100%        7
 Ignition                 Fire           0%         3d3       100%        8
 Maxwell's Capacitive Co  Air            0%         ∞         100%        8
 Summon Horrible Things   Summ           0%         N/A       100%        8
 Polar Vortex             Ice            0%         N/A       100%        9


Dungeon Overview and Level Annotations

Branches:
Dungeon (15/15)            Temple (1/1) D:5            Lair (6/6) D:9
  Swamp (1/4) Lair:2        Snake (4/4) Lair:3        Slime (0/5) Lair:6
    Orc (2/2) D:11            Elf (0/3) Orc:2        Vaults (0/5) D:13
 Depths (0/5) D:15

Altars:
Ashenzari
Cheibriados
Dithmenos
Elyvilon
Fedhas
Gozag
Hepliaklqana
Kikubaaqudgha
Makhleb
Nemelex Xobeh
Okawaru
Qazlal
Ru
Sif Muna
Trog
Uskayaw
Vehumet
Wu Jian
Xom
Yredelemnul
Zin
The Shining One
Beogh
Jiyva

Shops:
D:2 ?   D:5 [   D:9 *   D:12 (   Orc:1 (   Orc:2 *   Snake:1 :![*   Snake:3 !(*

Annotations:
D:12 2 runed translucent doors, Garym's ghost, journeyman MiFi
Lair:4 exclusion: 4 oklob plants
Snake:1 Roxanne


Innate Abilities, Weirdness & Mutations

You passively map a small area around you.
You are covered in fur. (AC +1)


Message History

You hit the frost giant but do no damage.
The frost giant completely misses you.
The merfolk javelineer throws a silver javelin.
The silver javelin pierces through you but does no damage.
The silver sears you!
The silver javelin pierces through the merfolk impaler!
The silver javelin pierces through the merfolk!!
The merfolk throws a boomerang.
The boomerang hits you!
* * * LOW HITPOINT WARNING * * *
The merfolk closely misses you.
The merfolk hits you but does no damage. x2
The merfolk hits you from afar with a +0 trident!
* * * LOW HITPOINT WARNING * * *
The merfolk impaler hits you with a +2 demon trident of freezing!
* * * LOW HITPOINT WARNING * * *
The merfolk impaler freezes you.
* * * LOW HITPOINT WARNING * * *
As you read the scroll of teleportation, it crumbles to dust.
You feel strangely unstable.
The merfolk impaler hits you but does no damage.
The frost giant hits you with a +2 battleaxe of freezing!
* * * LOW HITPOINT WARNING * * *
The frost giant freezes you.
* * * LOW HITPOINT WARNING * * *
The merfolk hits you but does no damage.
The merfolk throws a boomerang.
The boomerang hits you but does no damage.
The merfolk javelineer throws a silver javelin.
The silver javelin pierces through you.
* * * LOW HITPOINT WARNING * * *
The silver sears you!
* * * LOW HITPOINT WARNING * * *
The silver javelin closely misses the merfolk impaler.
The silver javelin pierces through the merfolk!
The merfolk dies!
The merfolk hits you but does no damage.
The merfolk hits you from afar with a +0 glaive!
* * * LOW HITPOINT WARNING * * *
The merfolk hits you from afar with a +0 trident.
You die...

* ♣ *### ,, ≈, , ≈ ≈ ♣ ,
#.. , ** ♣ , ##..! * * *
♣ , #...≈♣♣ ≈ ♣..
.♣≈≈..≈
♣♣♣♣♣♣♣♣♣♣♣♣♣♣♣.≈
.≈.≈..≈
♣♣.m.....≈♣♣..♣≈≈≈
≈♣..≈♣♣C≈m..≈.≈♣♣♣.....≈
,
♣.≈.Cm@m≈.≈..≈≈≈♣♣..≈≈≈
≈ ≈
*♣.≈♣m♣..m♣♣≈.≈§≈...≈≈≈≈
♣♣ ♣♣♣♣♣♣♣≈≈.≈§≈...≈≈≈≈
* ♣♣♣≈...≈♣...≈≈ *
♣♣♣♣♣♣♣≈≈≈.. * ♣♣♣♣♣♣


You could see a frost giant, a fire giant, a merfolk impaler, a merfolk
javelineer and 4 merfolk.

Vanquished Creatures
  Jorgrun (D:13)
  Agnes (D:15)
  Kirke (D:12)
  Gastronok (Lair:3)
  5 nagarajas
  The ghost of dragonscale333 the Frost Mage, an adept DsIE of Okawaru (Snake:1)
  An orc warlord (Orc:2)
  Nessos (Lair:6)
  Azrael (D:12)
  The ghost of MajorAdolf the Fighter, a journeyman NaWn of Gozag (Lair:2)
  An eleionoma (Swamp:1)
  Snorg (Lair:4)
  14 hydras
  4 boulder beetles
  A ghost crab (Swamp:1)
  5 salamander tyrants
  12 naga warriors
  8 anacondas
  A merfolk avatar (Lair:6)
  5 centaur warriors
  An ogre mage (D:15)
  15 two-headed ogres
  An alligator (Swamp:1)
  2 tengu warriors (D:14)
  3 orc high priests (Orc:2)
  12 naga sharpshooters
  A deep elf knight (D:13)
  Nergalle (D:11)
  3 shock serpents
  5 skeletal warriors (D:15)
  A spark wasp zombie (D:15)
  4 salamander mystics
  A flayed ghost (D:15)
  A goliath frog (Swamp:1)
  A spriggan druid (Swamp:1)
  6 naga ritualists
  Pikel (D:7)
  2 orc knights (Orc:2)
  4 orc sorcerers
  3 deep elf pyromancers
  2 deep elf zephyrmancers (D:13)
  5 mana vipers
  10 ugly things
  A necromancer (D:15)
  6 cyclopes
  A stone giant zombie (D:15)
  28 black mambas
  5 salamanders
  6 manticores
  A guardian serpent (Snake:4)
  12 elephants
  16 naga magi
  Joseph (D:9)
  A gargoyle (D:12)
  13 cane toads
  A kobold demonologist (D:13)
  An unseen horror (D:12)
  Psyche (D:11)
  A torpor snail (Lair:6)
  11 komodo dragons
  An unseen horror (shapeshifter) (D:15)
  6 rime drakes
  2 anaconda simulacra (Snake:1)
  3 yaktaurs (D:13)
  7 trolls
  A guardian mummy (D:15)
  5 polar bears
  2 tyrant leeches (Swamp:1)
  A bloated husk (Swamp:1)
  A spectral guardian serpent (Snake:1)
  3 meliai
  A merfolk (Swamp:1)
  A queen bee (Lair:5)
  2 wind drakes (Lair:6)
  Prince Ribbit (D:5)
  2 hornets
  4 slime creatures (D:12)
  A wolf spider simulacrum (D:15)
  10 dream sheep
  A deep troll zombie (D:15)
  2 snapping turtles (Lair:6)
  15 blink frogs
  Sigmund (D:2)
  A spriggan (Swamp:1)
  A shadow (D:12)
  A centaur simulacrum (D:14)
  An ettin skeleton (D:15)
  3 wyverns
  6 wraiths
  2 vampires
  A spriggan (shapeshifter) (D:14)
  4 water elementals (D:14)
  72 yaks
  A spectral salamander (Snake:1)
  3 hogs (D:12)
  A fire elemental (D:12)
  4 steam dragons
  A basilisk (Lair:1)
  A redback simulacrum (D:12)
  5 vampire mosquitoes (Lair:2)
  40 nagas
  3 acid dragons
  3 wargs
  7 swamp worms (Swamp:1)
  22 water moccasins
  3 hell hounds (D:12)
  27 orc warriors
  5 black bears
  17 ogres
  2 black mamba simulacra (Snake:1)
  3 necrophages
  15 wolves
  13 centaurs
  4 lemures
  12 bullfrogs
  A gnoll sergeant (D:11)
  4 kobold brigands
  2 scorpions
  A naga simulacrum (Snake:1)
  3 spectral nagas (Snake:1)
  33 killer bees
  3 electric eels
  2 bullfrog zombies (D:6)
  2 centaur zombies
  A jelly (D:4)
  3 hounds
  3 gnoll shamans
  19 orc priests
  A bullfrog skeleton (D:5)
  A centaur skeleton (D:7)
  Crazy Yiuf (D:7)
  20 orc wizards
  4 iguanas
  Ijyb (D:3)
  Natasha (thrice) (D:2)
  Terence (D:2)
  A killer bee zombie (D:8)
  A hound skeleton (D:4)
  23 gnolls
  9 adders
  A howler monkey skeleton (D:5)
  2 ufetubi
  An adder skeleton (D:4)
  4 worms
  9 dart slugs
  67 orcs
  9 ball pythons
  10 endoplasms
  7 giant cockroaches
  5 hobgoblins
  6 jackals
  3 quokkas (D:2)
  7 bats
  3 frilled lizards
  5 goblins
  12 kobolds
  7 rats
915 creatures vanquished.

Vanquished Creatures (others)
  An ogre mage (D:13)
  A naga ritualist (Snake:1)
  A bloated husk (Swamp:1)
  A merfolk (Swamp:1)
  A human (D:13)
  95 fungi
  100 plants
  13 withered plants (D:15)
213 creatures vanquished.

Grand Total: 1128 creatures vanquished

Notes
Turn   | Place    | Note
-------+----------+-------------------------------------------
     0 | D:1      | Borgon the Hill Orc Monk began the quest for the Orb.
     0 | D:1      | Reached XP level 1. HP: 19/19 MP: 1/1
   312 | D:1      | Reached XP level 2. HP: 25/27 MP: 2/2
   926 | D:1      | Reached XP level 3. HP: 19/33 MP: 3/3
  1602 | D:2      | Found an iron altar of Okawaru.
  1692 | D:2      | Noticed Terence
  1731 | D:2      | Noticed Natasha
  1756 | D:2      | HP: 1/33 [Natasha/magic dart (2)]
  2043 | D:1      | Identified a scroll of acquirement
  2048 | D:1      | Acquired a +5 vorpal fustibalus
  2064 | D:2      | Killed Natasha
  2065 | D:2      | Reached XP level 4. HP: 18/40 MP: 4/4
  2344 | D:2      | Found Huomeq's Magic Scroll Boutique.
  2374 | D:2      | Reached skill level 1 in Armour
  2436 | D:2      | Noticed Natasha
  2568 | D:2      | Killed Natasha
  2615 | D:2      | Reached skill level 1 in Slings
  2759 | D:2      | Noticed Natasha
  2762 | D:2      | Killed Natasha
  2763 | D:2      | Reached XP level 5. HP: 47/47 MP: 5/5
  2808 | D:2      | Killed Terence
  2995 | D:2      | Acquired the +6 executioner's axe "Lunyruir" {flame, rPois
                  | rF- rN+ MP+9}
  3072 | D:2      | Noticed Sigmund
  3093 | D:2      | Killed Sigmund
  3094 | D:2      | Reached skill level 5 in Fighting
  3094 | D:2      | Reached skill level 5 in Axes
  3094 | D:2      | Reached XP level 6. HP: 57/57 MP: 6/6
  3628 | D:3      | Noticed Ijyb
  3642 | D:3      | Killed Ijyb
  3988 | D:3      | Reached skill level 6 in Axes
  4370 | D:3      | Reached XP level 7. HP: 54/63 MP: 7/7
  4483 | D:3      | Found a faded altar of an unknown god.
  4778 | D:4      | Found a burning altar of Makhleb.
  4918 | D:4      | Reached skill level 7 in Axes
  5459 | D:5      | Entered Level 5 of the Dungeon
  5467 | D:4      | Reached skill level 8 in Axes
  5540 | D:5      | Reached XP level 8. HP: 65/71 MP: 8/8
  5574 | D:5      | Found a snail-covered altar of Cheibriados.
  5707 | D:5      | Found an iron altar of Okawaru.
  5818 | D:5      | Reached skill level 9 in Axes
  5846 | D:5      | Found an ornate altar of the Wu Jian Council.
  5938 | D:5      | Noticed a wraith
  6134 | D:5      | Found Akua's Antique Armour Shop.
  6149 | D:5      | Bought a pair of runed gloves for 172 gold pieces
  6422 | D:5      | Found a staircase to the Ecumenical Temple.
  6431 | Temple   | Entered the Ecumenical Temple
  6809 | D:2      | Became a worshipper of Warmaster Okawaru
  6809 | D:2      | Reached * piety under Okawaru
  6809 | D:2      | Reached ** piety under Okawaru
  7282 | D:6      | Reached skill level 10 in Axes
  7421 | D:6      | Reached skill level 5 in Armour
  7874 | D:6      | Reached XP level 9. HP: 72/79 MP: 9/9
  8006 | D:5      | Noticed Prince Ribbit
  8362 | D:7      | Noticed Pikel
  8497 | D:7      | Reached skill level 11 in Axes
  8761 | D:7      | Noticed a two-headed ogre
  8827 | D:7      | Found a runed translucent door.
  8828 | D:7      | Noticed Crazy Yiuf
  8833 | D:7      | Killed Crazy Yiuf
  8869 | D:7      | Found Neacel's Magic Scroll Emporium.
  8977 | D:7      | Found a sacrificial altar of Ru.
  8992 | D:7      | Reached *** piety under Okawaru
  9539 | D:7      | Reached skill level 12 in Axes
 10568 | D:8      | Noticed a two-headed ogre
 10612 | D:9      | Noticed a centaur warrior
 10621 | D:9      | Killed a centaur warrior
 10621 | D:9      | Reached **** piety under Okawaru
 10622 | D:9      | Reached skill level 13 in Axes
 10622 | D:9      | Reached XP level 10. HP: 35/90 MP: 10/10
 10969 | D:9      | Noticed Joseph
 11121 | D:9      | Reached ***** piety under Okawaru
 11712 | D:5      | Killed Prince Ribbit
 11966 | D:6      | HP: 1/91 [two-headed ogre (23)]
 12304 | D:6      | Killed a two-headed ogre
 12304 | D:6      | Received a gift from Okawaru
 12305 | D:6      | Reached skill level 14 in Axes
 12616 | D:8      | Killed a two-headed ogre
 12892 | D:9      | Found Jiot's Changing Room.
 12905 | D:9      | Noticed a two-headed ogre
 12909 | D:9      | Killed a two-headed ogre
 12909 | D:9      | Received a gift from Okawaru
 12910 | D:9      | Reached XP level 11. HP: 90/97 MP: 13/13
 12915 | D:9      | Bought a potion of mutation for 88 gold pieces
 12915 | D:9      | Bought a potion of mutation for 88 gold pieces
 12915 | D:9      | Gained mutation: You passively map a small area around you.
                  | [potion of mutation]
 12915 | D:9      | Gained mutation: You are covered in fur. (AC +1) [potion of
                  | mutation]
 13014 | D:9      | Reached skill level 15 in Axes
 13370 | D:9      | Killed Joseph
 13381 | D:9      | Identified the +0 chain mail of Powerful Intercession
                  | {rPois rF++ rC- rCorr} (Okawaru gifted it to you on level 9
                  | of the Dungeon)
 13381 | D:9      | Received a gift from Okawaru
 13382 | D:9      | Reached skill level 5 in Invocations
 13577 | D:9      | Found a staircase to the Lair.
 13672 | D:9      | Reached skill level 10 in Fighting
 13802 | D:10     | Entered Level 10 of the Dungeon
 13831 | D:10     | Reached ****** piety under Okawaru
 13934 | D:10     | Noticed a two-headed ogre
 13945 | D:10     | Killed a two-headed ogre
 14102 | D:10     | Found a sparkling altar of Nemelex Xobeh.
 14301 | D:10     | Reached skill level 16 in Axes
 14653 | D:7      | Killed Pikel
 14845 | D:11     | Noticed a two-headed ogre
 14856 | D:11     | Killed a two-headed ogre
 15121 | D:11     | Noticed Psyche
 15134 | D:11     | Killed Psyche
 15164 | D:11     | Found an opulent altar of Gozag.
 15164 | D:11     | Noticed Nergalle
 15179 | D:11     | Killed Nergalle
 15180 | D:11     | Reached XP level 12. HP: 106/107 MP: 17/17
 15182 | D:11     | Found an opulent altar of Gozag.
 15212 | D:11     | Found an opulent altar of Gozag.
 15222 | D:11     | Found an opulent altar of Gozag.
 15227 | D:11     | Identified the +1 robe of Fortification {rElec rC- Will+
                  | Int+9 Dex-5}
 15773 | D:11     | Found a staircase to the Orcish Mines.
 15797 | D:11     | Identified the +3 executioner's axe of Mokibui {vamp, Int+5
                  | Dex+4} (Okawaru gifted it to you on level 11 of the
                  | Dungeon)
 15797 | D:11     | Received a gift from Okawaru
 16626 | Orc:1    | Entered Level 1 of the Orcish Mines
 16715 | D:12     | Reached skill level 17 in Axes
 16782 | D:12     | Reached skill level 10 in Armour
 16903 | D:12     | Noticed a two-headed ogre
 16916 | D:12     | Killed a two-headed ogre
 16968 | D:12     | Noticed a two-headed ogre
 16987 | D:12     | Killed a two-headed ogre
 17317 | D:12     | Received a gift from Okawaru
 17403 | D:12     | Noticed a two-headed ogre
 17412 | D:12     | Killed a two-headed ogre
 17535 | D:12     | Noticed Azrael
 17552 | D:12     | Killed Azrael
 17552 | D:12     | Received a gift from Okawaru
 17560 | D:12     | Reached skill level 18 in Axes
 17991 | D:12     | Noticed a lich
 17991 | D:12     | Noticed Garym's ghost (journeyman MiFi)
 17992 | D:12     | Noticed a deep troll earth mage
 17994 | D:12     | Noticed a storm dragon
 18034 | D:12     | Reached XP level 13. HP: 70/116 MP: 19/19
 18207 | D:12     | Found a runed translucent door.
 18222 | D:12     | Found a runed translucent door.
 18413 | D:12     | Found Kikurhot's Antique Weapon Emporium.
 18750 | D:13     | You fall into a shaft and drop 1 floor!
 19153 | D:13     | Noticed Kirke
 19262 | D:12     | Killed Kirke
 19262 | D:12     | Received a gift from Okawaru
 19614 | D:13     | Noticed Jorgrun
 20805 | D:13     | Reached skill level 19 in Axes
 20805 | D:13     | Reached skill level 10 in Invocations
 20986 | D:13     | Received a gift from Okawaru
 21014 | D:13     | Killed Jorgrun
 21059 | D:13     | Paralysed by something for 3 turns
 21330 | D:13     | Found a gate to the Vaults.
 21424 | D:14     | Received a gift from Okawaru
 21961 | D:14     | You fall into a shaft and drop 1 floor!
 21961 | D:15     | Entered Level 15 of the Dungeon
 22598 | D:14     | Reached XP level 14. HP: 112/127 MP: 22/22
 22656 | D:14     | Identified the +7 dagger of Watchfulness {vorpal, rPois}
 22889 | D:14     | Found a sacrificial altar of Ru.
 23598 | D:15     | Reached skill level 20 in Axes
 24145 | D:15     | Received a gift from Okawaru
 24878 | D:15     | Paralysed by an ogre mage for 7 turns
 25430 | D:15     | Noticed Agnes
 25440 | D:15     | Killed Agnes
 25833 | D:15     | Identified the +1 pair of gloves "Voug Afih" {Contam rPois
                  | Int+9 Slay-3} (Okawaru gifted it to you on level 15 of the
                  | Dungeon)
 25833 | D:15     | Received a gift from Okawaru
 26093 | D:15     | Found a staircase to the Depths.
 27231 | D:2      | Bought a scroll of enchant armour for 105 gold pieces
 28016 | D:5      | Bought a pair of glowing boots for 172 gold pieces
 28027 | D:5      | Bought a glowing helmet for 172 gold pieces
 28027 | D:5      | Bought a pair of bloodstained gloves for 218 gold pieces
 28027 | D:5      | Identified the +1 pair of gloves of Cokliots {rN+ rCorr}
                  | (You bought it in a shop on level 5 of the Dungeon)
 28174 | Lair:1   | Entered Level 1 of the Lair of Beasts
 28393 | Lair:1   | Reached skill level 21 in Axes
 28983 | Lair:2   | Reached XP level 15. HP: 136/136 MP: 24/24
 29179 | Lair:2   | Found a staircase to the Swamp.
 29190 | Lair:2   | Found a runed translucent door.
 29194 | Lair:2   | Noticed MajorAdolf's ghost (journeyman NaWn)
 29336 | Lair:2   | Received a gift from Okawaru
 29895 | Lair:2   | Killed MajorAdolf's ghost
 29898 | Lair:2   | Got the Handbook of Flames and Transformation
 30593 | Orc:1    | Found Ixtafru's Antique Weapon Boutique.
 31270 | Lair:3   | Found a staircase to the Snake Pit.
 31580 | Lair:3   | Noticed Gastronok
 31588 | Lair:3   | Killed Gastronok
 32020 | Lair:4   | Reached skill level 22 in Axes
 32336 | Lair:4   | Noticed Snorg
 32348 | Lair:4   | Killed Snorg
 32393 | Lair:4   | Received a gift from Okawaru
 33807 | Lair:5   | Received a gift from Okawaru
 33849 | Lair:5   | Reached XP level 16. HP: 130/147 MP: 26/26
 34290 | Lair:6   | Entered Level 6 of the Lair of Beasts
 34297 | Lair:6   | Received a gift from Okawaru
 34336 | Lair:6   | Found a staircase to the Slime Pits.
 34337 | Lair:6   | Found a viscous altar of Jiyva.
 34499 | Lair:6   | Reached skill level 15 in Fighting
 34541 | Lair:6   | Noticed Nessos
 34559 | Lair:6   | Killed Nessos
 35178 | Lair:6   | Reached skill level 23 in Axes
 36549 | Orc:2    | Entered Level 2 of the Orcish Mines
 38019 | Orc:2    | Found a roughly hewn altar of Beogh.
 38259 | Snake:1  | Entered Level 1 of the Snake Pit
 38263 | Snake:1  | Found a blossoming altar of Fedhas.
 38706 | Snake:1  | Found Amnethrayd's Book Shop.
 38707 | Snake:1  | Found Olaibril's Armour Boutique.
 38707 | Snake:1  | Found Tauz's Distillery.
 38728 | Snake:1  | Found Sudurod's General Store.
 38743 | Snake:1  | Bought 2 potions of curing for 96 gold pieces
 38743 | Snake:1  | Bought a potion of heal wounds for 80 gold pieces
 38819 | Snake:1  | Found a runed translucent gate.
 38820 | Snake:1  | Found a runed translucent gate.
 38821 | Snake:1  | Found a runed translucent gate.
 38822 | Snake:1  | Noticed dragonscale333's ghost (adept DsIE)
 38822 | Snake:1  | Found the +8 longbow "Zephyr" {speed, Dex+3 SInv}
 38834 | Snake:1  | Received a gift from Okawaru
 38850 | Snake:1  | Reached skill level 1 in Shields
 38851 | Snake:1  | Killed dragonscale333's ghost
 39078 | Snake:1  | Identified the ring "Oteos" {Fly Int+5}
 39360 | Snake:1  | Identified Roxanne's Volume of the Rocks
 39360 | Snake:1  | Noticed Roxanne
 40374 | Snake:2  | Reached XP level 17. HP: 81/159 MP: 20/28
 41620 | Snake:2  | Identified the +2 leather armour of Kikubaaqudgha {Int+4}
 41942 | Snake:2  | Reached skill level 15 in Invocations
 42662 | Snake:3  | Found Qyna Buv's General Store.
 42671 | Snake:3  | Bought a ring of positive energy for 300 gold pieces
 42981 | Snake:3  | Found Lohusy's Distillery.
 43015 | Snake:3  | Found Kaser's Antique Weapon Emporium.
 43271 | Snake:3  | Received a gift from Okawaru
 44180 | Snake:4  | Entered Level 4 of the Snake Pit
 45183 | Snake:4  | Reached skill level 24 in Axes
 46663 | Snake:4  | Got a serpentine rune of Zot
 46781 | Snake:4  | Received a gift from Okawaru
 46800 | Snake:4  | Reached XP level 18. HP: 152/171 MP: 29/29
 47440 | Orc:2    | Fell from the grace of Okawaru
 47440 | Orc:2    | Became a worshipper of Beogh the Brigand
 47456 | Orc:2    | Found a staircase to the Elven Halls.
 47488 | Orc:2    | Found Muif Jyu's Gadget Gallery.
 48151 | Orc:2    | Reached * piety under Beogh
 48753 | Swamp:1  | Entered Level 1 of the Swamp
 48798 | Swamp:1  | Reached skill level 5 in Shields
 48974 | Swamp:1  | Noticed a titan
 49191 | Swamp:1  | Reached ** piety under Beogh
 49211 | Swamp:1  | HP: 1/172 [merfolk[the fury of Okawaru] (9)]
 49211 | Swamp:1  | Slain by a merfolk

Illustrated notes

Levels and vault maps discovered:
D:1:      saegor_arrival_simple_c, layout_basic, minmay_misc_feat_tower,
          chequers_serial_rivers_marsh
D:2:      layout_basic, serial_shops, nicolae_shop_window_shopping, basic_altar,
          uniq_sigmund, uniq_terence, uniq_natasha
D:3:      layout_loops_corners, dreamdust_ecumenical_altar_statues,
          minmay_strange_pillars, minmay_misc_feat_alley, minmay_fountain_box,
          serial_bayou_lagoon_b, uniq_ijyb
D:4:      layout_rooms, nicolae_overflow_crystal_walls
D:5:      layout_gridville, mainiacjoe_overflow_large_starburst,
          mainiacjoe_overflow_boulevard, lemuel_temple_firewalk_b, serial_shops,
          shop_statue, uniq_prince_ribbit1
D:6:      kennysheep_slugbush, layout_basic
D:7:      layout_basic, mainiacjoe_overflow_brackets, serial_shops,
          nicolae_shop_statue_plus, uniq_pikel, uniq_crazy_yiuf_cottage
D:8:      layout_cave_pools, grunt_decor_mini_mirrors
D:9:      layout_roguey, due_lair_maze_entry_diamond,
          nicolae_transmutations_shop, uniq_joseph
D:10:     layout_roguey, nemelex_spade_bored_becter
D:11:     layout_loops_ring, kennysheep_orc_monster_closet_entryway,
          minmay_variable_closet, nicolae_gozag_conspicuous_consumption,
          uniq_nergalle, uniq_psyche
D:12:     layout_roguey, muffindrake_ghost_dual_entry, serial_shops,
          nicolae_shop_overgrown_old_shop, minmay_circle_x, uniq_azrael
D:13:     layout_rooms, hangedman_vaults_entry_quadrant_bands, uniq_kirke,
          uniq_jorgrun
D:14:     layout_basic, nrook_mini_backslash, nicolae_ru_the_path_less_chosen
D:15:     gammafunk_depths_entry_grave, layout_grid_maze, serial_glass,
          glass_columns_a, glass_columns_b, uniq_agnes
Temple:   nicolae_temple_elliptical
Lair:1:   layout_chaotic_city
Lair:2:   layout_loops_ring, minmay_swamp_entry_swarm, gammafunk_ghost_grave,
          grunt_megastairs_3
Lair:3:   layout_roguey, minmay_snake_entry_guardpost_small, uniq_gastronok
Lair:4:   layout_regular_city, minivault_25, small_statue_intersection,
          minmay_lair_oklob_chamber, lemuel_fruit_tree, uniq_snorg
Lair:5:   layout_roguey [special_room_bee]
Lair:6:   gammafunk_lair_ancient_temple, layout_layer_cave, slime_altar_1,
          infiniplex_staircase_pool, uniq_nessos
Swamp:1:  layout_basic_swamp, hangedman_swamp_ruin_wall,
          statue_in_the_mist_lemuel
Snake:1:  layout_misc_corridors, gammafunk_ghost_necromancy, basic_altar,
          grunt_megastairs_5, minmay_shoptagon, uniq_roxanne
Snake:2:  layout_onion, grunt_megastairs_2
Snake:3:  layout_layer_cave, serial_shops, nicolae_take_the_stairs,
          nicolae_shop_stone, shop
Snake:4:  snake_pit, layout_grid_shapes, nicolae_snake_coiling_death
Orc:1:    layout_diamond_mine, serial_shops, nicolae_shop_window_shopping,
          nicolae_orc_stony_grotto
Orc:2:    st_orc_congregation, layout_caves, basic_altar,
          nicolae_orc_damp_corner, roderic_batcave, nicolae_orc_lava_tube,
          nicolae_shop_gadgets

Skill      XL: |  1  2  3  4  5  6  7  8  9 10 11 12 13 14 15 16 17 18 |
---------------+-------------------------------------------------------+-----
Fighting       | 4 5 6 7 8 9 10 11 12 13 14 16 17 18 | 18.1
Armour         | 1 2 3 5 7 8 9 10 11 12 13 14 | 14.3
Slings         | 1 2 |  2.0
Axes           | 5 6 8 10 13 14 16 18 19 21 22 23 24 | 24.6
Invocations    | 3 6 9 11 12 13 14 15 | 15.1
Shields        | 1 4 5 |  5.2
Maces & Flails | |  0.9
Dodging        | |  2.8
Stealth        | |  1.8

Action                   |  1- 3 |  4- 6 |  7- 9 | 10-12 | 13-15 | 16-18 || total
-------------------------+-------+-------+-------+-------+-------+-------++-------
Melee: Hand axe          |   125 |    12 |       |       |       |    71 ||   208
       Fustibalus        |     1 |       |       |       |       |       ||     1
       Executioner's axe |       |    73 |   241 |   318 |   701 |   827 ||  2160
 Fire: Fustibalus        |       |    46 |       |       |       |       ||    46
Invok: Heroism           |       |       |     1 |     9 |     6 |     4 ||    20
       Finesse           |       |       |       |     2 |       |       ||     2
Evoke: Wand              |       |       |       |     1 |       |     1 ||     2
  Use: Scroll            |     7 |     1 |    11 |    14 |     7 |     3 ||    43
       Potion            |       |       |       |     3 |     1 |     8 ||    12
 Stab: Sleeping          |     6 |       |       |       |       |       ||     6
Armor: Robe              |    21 |     1 |       |       |       |       ||    22
       Scale mail        |       |     6 |       |    35 |       |       ||    41
       Chain mail        |       |    44 |   202 |   199 |   217 |       ||   662
       Crystal plate arm |       |       |       |       |   396 |   902 ||  1298
Dodge: Dodged            |    82 |    60 |   145 |   171 |   217 |   232 ||   907
Block: Kite shield       |       |       |       |       |       |    47 ||    47
